 Dungeon Crawl Stone Soup version 0.31.0-12-g77e489cdc1 (webtiles) character file.

Game seed: 6845408883647416204

12038 senseless the Fighter (level 11, 0/87 HPs)
             Began as a Demonspawn Chaos Knight on Feb 12, 2024.
             Was a Plaything of Xom.
             Slain by a rust devil (6 damage)
             ... on level 9 of the Dungeon.
             The game lasted 00:31:44 (8811 turns).

senseless the Fighter (Demonspawn Chaos Knight)     Turns: 8811, Time: 00:31:46

Health: 0/87       AC: 17    Str: 14    XL:     11   Next: 57%
Magic:  11/11      EV:  8    Int: 21    God:    Xom [..*...]
Gold:   326        SH: 14    Dex: 13    Spells: 10/10 levels left

rFire   + . .        F - +6 trident (vamp)
rCold   + . .        e - +4 kite shield
rNeg    + . .        r - +3 chain mail
rPois   .            (helmet restricted)
rElec   .            B - scarf {rC+ rF+}
rCorr   +            (no gloves)
SInv    +            f - +0 pair of boots
Will    +....        (no amulet)
Stlth   +            C - ring of resist corrosion
HPRegen 0.34/turn    L - ring of positive energy
MPRegen 0.12/turn

%: no passive effects
@: on fire, about to teleport, spiked, corroded, sanguine armoured, glowing
A: horns 2, demonic guardian 1, sanguine armour 1, condensation shield, claws 1,
fangs 1, talons 1, thin skeletal structure 1, camouflage 1, see invisible,
clever 2, strong-willed 1, MP-powered wands
a: Renounce Religion


You were on level 9 of the Dungeon.
You worshipped Xom.
You were a toy of Xom.
You visited 1 branch of the dungeon, and saw 9 of its levels.
You also visited: Bailey.

You collected 378 gold pieces.
You spent 52 gold pieces at shops.

Inventory:

Hand Weapons
 a - a +0 hand axe of chaos
 F - a +6 vampiric trident (weapon)
 I - a +3 battleaxe
Missiles
 i - 18 boomerangs
 o - 25 poisoned darts
 s - a throwing net
 y - 9 javelins
Armour
 e - a +4 kite shield (worn)
 f - a +0 pair of boots (worn)
 r - a +3 chain mail (worn)
 v - a +0 plate armour
 B - a scarf of resistance (worn)
 G - a +0 cloak
Jewellery
 n - a ring of wizardry
 p - a +6 ring of intelligence
 C - a ring of resist corrosion (left claw)
 L - a ring of positive energy (right claw)
Talismans
 h - a flux talisman
Wands
 j - a wand of flame (41)
 k - a wand of roots (3)
 w - a wand of acid (13)
 E - a wand of charming (11)
Scrolls
 c - a scroll of teleportation
 t - 2 scrolls of silence
 z - 2 scrolls of vulnerability
 D - a scroll of blinking
Potions
 g - 5 potions of curing
 l - 2 potions of lignification
 q - 4 potions of heal wounds
 A - a potion of brilliance
 H - 2 potions of invisibility
 J - 2 potions of cancellation
 K - 3 potions of might {unknown}
 M - 3 potions of haste
Miscellaneous
 b - a lightning rod (4/4) (quivered)
 N - a phial of floods


   Skills:
 + Level 8.7 Fighting
 + Level 8.0 Axes
 - Level 5.6 Throwing
 + Level 7.3 Armour
 + Level 7.0 Dodging
 + Level 6.8 Shields
 * Level 2.0 Evocations


You had 10 spell levels left.
You didn't know any spells.
Your spell library contained the following spells:

 Spells                   Type           Power      Damage    Failure   Level
 Dazzling Flash           Conj/Hex       0%         N/A       100%        3
 Hailstorm                Conj/Ice       0%         3d5       100%        3
 Inner Flame              Hex/Fire       0%         N/A       100%        3
 Summon Ice Beast         Ice/Summ       0%         N/A       100%        3
 Volatile Blastmotes      Fire/Tloc      0%         2d10      100%        3
 Animate Armour           Summ/Erth      0%         N/A       100%        4
 Flame Wave               Conj/Fire      0%         2d4       100%        4
 Sticky Flame             Fire/Alch      0%         2d4       100%        4
 Summon Lightning Spire   Summ/Air       0%         N/A       100%        4
 Irradiate                Conj/Alch      0%         3d11      100%        5
 Lee's Rapid Deconstruct  Erth           0%         3d4*      100%        5
 Sculpt Simulacrum        Ice/Alch       0%         N/A       100%        6
 Starburst                Conj/Fire      0%         6d3       100%        6
 Ignition                 Fire           0%         3d3       100%        8
 Maxwell's Capacitive Co  Air            0%         ∞         100%        8


Dungeon Overview and Level Annotations

Branches:
Dungeon (9/15)             Temple (0/1) D:7          Bailey (visited)
   Lair: D:8-11         Orc: D:9-12

Altars:
Nemelex Xobeh
Qazlal
Xom
Yredelemnul

Shops:
D:1 *


Innate Abilities, Weirdness & Mutations

You have a pair of horns on your head.
A weak demonic guardian rushes to your aid.
When seriously injured, your blood forms armour. (AC +6)
A meltable shield of frost defends you. (SH +0)
You have sharp fingernails.
You have very sharp teeth.
You have sharp toenails.
You have a somewhat thin skeletal structure. (Dex +2, Stealth+)
Your skin changes colour to match your surroundings (Stealth+).
You have supernaturally acute eyesight. (SInv)
Your mind is very acute. (Int +8, Str/Dex -2)
You are strong-willed. (Will+)
You expend magic power (3 MP) to strengthen your wands.


Message History

Your blood congeals into armour.
The rust devil barely misses you.
The smoke demon hits you but does no damage.
You block the smoke demon's attack. x2
The red devil hits you from afar with a +1 demon trident of flaming!
Barbed spikes become lodged in your body.
The red devil burns you.
You completely miss the hellwing.
The hellwing is moderately wounded.
The liquid fire burns you!
The hellwing hits you but does no damage.
You block the hellwing's attack. You block the rust devil's attack.
The smoke demon completely misses you. You block the smoke demon's attack.
The smoke demon hits you but does no damage.
The red devil closely misses you. The hellwing hits you.
The hellwing hits you but does no damage.
The rust devil hits you. The rust devil corrodes you!
The smoke demon gestures at you. Something smites you!
* * * LOW HITPOINT WARNING * * *
The red devil hits you but does no damage.
You hit the hellwing.
The hellwing is moderately wounded.
The liquid fire burns you!
* * * LOW HITPOINT WARNING * * *
The hellwing hits you.
* * * LOW HITPOINT WARNING * * *
You block the hellwing's attack. You block the rust devil's attack.
The smoke demon gestures at you. Something smites you!
* * * LOW HITPOINT WARNING * * *
A demonic guardian appears!
You block the red devil's attack.
You closely miss the hellwing.
You headbutt the hellwing, but do no damage.
The hellwing is moderately wounded.
The liquid fire burns you!
* * * LOW HITPOINT WARNING * * *
The hellwing hits you but does no damage.
The hellwing barely misses you. The rust devil hits you.
You die...
Xom cackles wildly!

####..##...............#
##........#####.........#
...###...## #..........
#### ###.# ##.......... #
#.# #.......... #.#
#.......#≈# #.#
#......≈..# #.#
#..44.###.# #.#
#..@34#....§ #.#
#...≈#§≈≈..≈ #.#
#..5##.≈.... #.# #...#
..|.. ########'## #..##
.§..≈ ..........# #...
§..≈ ..........# #.. ...≈
..........# #..
..........####


You could see a hellwing, a rust devil, a smoke demon, a red devil (ally target)
and a friendly iron imp (summoned).

Vanquished Creatures
  An orc warlord (Bailey)
  Pikel (D:6)
  Maggie (D:6)
  A komodo dragon (D:6)
  Grinder (D:4)
  Sigmund (D:3)
  8 yaks
  A wyvern (D:8)
  3 ice beasts
  2 ogres (D:5)
  6 orc warriors
  A sky beast (D:7)
  A crocodile (D:1)
  A tengu (shapeshifter) (D:7)
  4 centaurs
  A kobold brigand (D:8)
  5 bullfrogs
  A scorpion (D:7)
  A wight (D:7)
  4 killer bees (D:9)
  A bombardier beetle (D:5)
  3 jellies
  3 hounds
  6 orc priests
  2 sleepcaps
  3 orc wizards
  Ijyb (D:3)
  5 iguanas
  6 adders
  12 gnolls
  A shadow imp (D:5)
  2 white imps
  An ufetubus (D:6)
  4 ribbon worms
  3 dart slugs
  The ghost of GrimJard the Sneak, a weakling SpDe (D:6)
  27 orcs
  5 bats
  4 endoplasms
  A giant cockroach (D:1)
  16 goblins
  7 hobgoblins
  27 kobolds
  4 quokkas
  8 ball pythons
  4 frilled lizards
  4 rats
206 creatures vanquished.

Vanquished Creatures (collateral kills)
  A water moccasin (D:6)
  A black bear (D:7)
  2 wights (D:7)
  An orc priest (D:6)
  5 gnolls
  An orc (D:3)
  A hobgoblin (D:2)
12 creatures vanquished.

Vanquished Creatures (others)
  A bat zombie (D:3)
  2 ball python zombies
3 creatures vanquished.

Grand Total: 221 creatures vanquished

Notes
Turn   | Place    | Note
-------+----------+-------------------------------------------
     0 | D:1      | senseless the Demonspawn Chaos Knight began the quest for
                  | the Orb.
     0 | D:1      | Reached XP level 1. HP: 18/18 MP: 1/1
   106 | D:1      | Gained mutation: A meltable shield of frost defends you.
                  | (SH +0) [demonic ancestry]
   106 | D:1      | Reached XP level 2. HP: 24/24 MP: 2/2
   358 | D:1      | Found Nynid's General Store.
   372 | D:1      | Bought a potion of curing for 39 gold pieces
   372 | D:1      | Bought a potion of degeneration for 13 gold pieces
   444 | D:1      | a bat changed into a crocodile
   444 | D:1      | Noticed a crocodile
   444 | D:1      | XOM: polymorph bat -> crocodile
   463 | D:1      | Killed a crocodile
   464 | D:1      | Reached skill level 1 in Dodging
   464 | D:1      | Reached skill level 1 in Shields
   464 | D:1      | Reached XP level 3. HP: 30/30 MP: 3/3
   464 | D:1      | Reached XP level 4. HP: 37/37 MP: 4/4
   697 | D:2      | Gained mutation: A weak demonic guardian rushes to your
                  | aid. [demonic ancestry]
   697 | D:2      | Reached XP level 5. HP: 42/42 MP: 5/5
   845 | D:2      | XOM: god gift: ivory wand {god gift}
  1592 | D:3      | XOM: noise
  1687 | D:3      | Noticed Sigmund
  1688 | D:3      | XOM: divination: magic mapping
  1702 | D:3      | Killed Sigmund
  1703 | D:3      | Reached XP level 6. HP: 23/49 MP: 6/6
  2128 | D:3      | Noticed Ijyb
  2136 | D:3      | Killed Ijyb
  2312 | D:3      | XOM: cloud trail
  2720 | D:4      | XOM: silly message
  2741 | D:4      | XOM: silly message
  2752 | D:4      | Noticed Grinder
  2758 | D:4      | XOM: potion effect (attraction)
  2763 | D:4      | Killed Grinder
  2764 | D:4      | Gained mutation: When seriously injured, your blood forms
                  | armour. (AC +6) [demonic ancestry]
  2764 | D:4      | Reached XP level 7. HP: 32/55 MP: 7/7
  2868 | D:4      | XOM: silly message
  2977 | D:4      | XOM: potion effect (might)
  2980 | D:4      | Reached skill level 5 in Fighting
  3116 | D:4      | XOM: silly message
  3181 | D:5      | Entered Level 5 of the Dungeon
  3208 | D:5      | XOM: enchant monster (good)
  3226 | D:5      | XOM: cloud trail
  3353 | D:5      | XOM: confuse monster(s)
  3444 | D:5      | Found a stormy altar of Qazlal.
  3444 | D:5      | XOM: 3-stop teleportation journey
  3681 | D:5      | Gained mutation: You have hidden genetic potential. [potion
                  | of mutation]
  3681 | D:5      | Gained mutation: You are dopey. (Int -2) [potion of
                  | mutation]
  3950 | D:5      | Reached skill level 5 in Axes
  3950 | D:5      | Gained mutation: You have a pair of small horns on your
                  | head. [demonic ancestry]
  3950 | D:5      | Reached XP level 8. HP: 39/63 MP: 8/8
  4655 | D:6      | XOM: summons friendly crimson imp
  4731 | D:5      | XOM: give mutations
  4731 | D:5      | Lost mutation: You are dopey. (Int -2) [Xom's mischief]
  4731 | D:5      | Gained mutation: You have sharp fingernails. [Xom's
                  | mischief]
  4731 | D:5      | Gained mutation: You have large cloven feet. [Xom's
                  | mischief]
  4731 | D:5      | Gained mutation: Your mind is acute. (Int +4, Str/Dex -1)
                  | [Xom's mischief]
  4752 | D:5      | XOM: summons 1 hostile shadow creature
  4848 | D:6      | Noticed Pikel
  4864 | D:6      | XOM: potion effect (attraction)
  4865 | D:6      | Killed Pikel
  4866 | D:6      | Reached skill level 1 in Throwing
  4877 | D:6      | Gained mutation: Your muscles are strong. (Str +4, Int/Dex
                  | -1) [hidden potential]
  4997 | D:6      | Gained mutation: You have a pair of horns on your head.
                  | [demonic ancestry]
  4997 | D:6      | Reached XP level 9. HP: 67/69 MP: 9/9
  5092 | D:6      | Found a basalt altar of Yredelemnul.
  5125 | D:6      | Found a runed translucent door.
  5135 | D:6      | Noticed GrimJard's ghost (weakling SpDe)
  5144 | D:6      | XOM: potion effect (invisibility)
  5154 | D:6      | Killed GrimJard's ghost
  5230 | D:6      | XOM: silly message
  5294 | D:6      | a yak changed into a komodo dragon
  5294 | D:6      | Noticed a komodo dragon
  5294 | D:6      | XOM: polymorph yak -> komodo dragon
  5297 | D:6      | XOM: blink monster(s)
  5310 | D:6      | Killed a komodo dragon
  5311 | D:6      | Reached skill level 5 in Armour
  5529 | D:6      | Noticed Maggie
  5530 | D:6      | XOM: cast spell 'Metabolic Englaciation'
  5545 | D:6      | Killed Maggie
  5552 | D:6      | Gained mutation: You have a somewhat thin skeletal
                  | structure. (Dex +2, Stealth+) [hidden potential]
  5552 | D:6      | Lost mutation: You have hidden genetic potential. [hidden
                  | potential expressed]
  5597 | D:6      | Reached skill level 5 in Dodging
  5632 | D:6      | XOM: give mutations
  5632 | D:6      | Lost mutation: Your muscles are strong. (Str +4, Int/Dex
                  | -1) [Xom's mischief]
  5632 | D:6      | Lost mutation: Your mind is acute. (Int +4, Str/Dex -1)
                  | [Xom's mischief]
  5632 | D:6      | Gained mutation: You have very sharp teeth. [Xom's
                  | mischief]
  5632 | D:6      | Lost mutation: You have large cloven feet. [Xom's mischief]
  5967 | D:7      | XOM: summons 4 friendly demons
  5980 | D:7      | XOM: scenery: create altars
  5997 | D:7      | HP: 3/67 [wight/+0 flail (9)]
  6105 | D:6      | XOM: cloud trail
  6204 | D:7      | XOM: scenery: 1 doors close
  6216 | D:7      | Reached skill level 5 in Shields
  6220 | D:7      | XOM: scenery: create altars
  6254 | D:7      | XOM: cleaving
  6302 | D:7      | a sky beast changed into a glowing shapeshifter
  6302 | D:7      | Noticed a glowing shapeshifter (glowing shapeshifter)
  6302 | D:7      | XOM: polymorph sky beast -> glowing shapeshifter
  6302 | D:7      | a glowing shapeshifter changed into a tengu
  6392 | D:7      | Found a staircase to the Ecumenical Temple.
  6404 | D:7      | Noticed Jeremiah
  6406 | D:7      | XOM: fog
  6411 | D:7      | Jeremiah changed into Jeremiah the scorpion
  6411 | D:7      | Noticed Jeremiah
  6411 | D:7      | XOM: polymorph Jeremiah -> Jeremiah the scorpion
  6418 | D:7      | Killed Jeremiah the scorpion
  6525 | D:7      | XOM: divination: detect items
  6816 | D:7      | Reached XP level 10. HP: 79/79 MP: 10/10
  6974 | D:7      | XOM: give mutation
  6974 | D:7      | Gained mutation: You have supernaturally acute eyesight.
                  | (SInv) [Xom's grace]
  7258 | D:8      | Found a flagged portal.
  7284 | Bailey   | Entered a bailey
  7291 | Bailey   | Noticed an orc warlord
  7374 | Bailey   | XOM: summons friendly iron imp
  7425 | Bailey   | XOM: give mutations
  7425 | Bailey   | Gained mutation: Your mind is acute. (Int +4, Str/Dex -1)
                  | [Xom's grace]
  7425 | Bailey   | Gained mutation: Your mind is very acute. (Int +8, Str/Dex
                  | -2) [Xom's grace]
  7425 | Bailey   | Gained mutation: You expend magic power (3 MP) to
                  | strengthen your wands. [Xom's grace]
  7427 | Bailey   | Found a runed translucent gate.
  7431 | Bailey   | Found a runed translucent gate.
  7433 | Bailey   | Found a runed translucent gate.
  7442 | Bailey   | XOM: fog
  7618 | Bailey   | XOM: butterfly on damage
  7629 | Bailey   | XOM: butterfly on damage
  7635 | Bailey   | XOM: fog
  7640 | Bailey   | Killed an orc warlord
  7826 | Bailey   | Reached skill level 5 in Throwing
  7826 | Bailey   | Reached XP level 11. HP: 87/87 MP: 11/11
  7869 | D:8      | XOM: polymorph kobold brigand -> gnoll
  7880 | D:8      | Found a sparkling altar of Nemelex Xobeh.
  7994 | D:8      | XOM: give mutation
  7994 | D:8      | Gained mutation: You have sharp toenails. [Xom's grace]
  8523 | D:9      | XOM: give mutations
  8523 | D:9      | Gained mutation: Your skin changes colour to match your
                  | surroundings (Stealth+). [Xom's mischief]
  8523 | D:9      | Gained mutation: You are strong-willed. (Will+) [Xom's
                  | mischief]
  8529 | D:9      | XOM: enchant monster (bad)
  8533 | D:9      | XOM: polymorph yak -> ribbon worm
  8538 | D:9      | XOM: potion effect (brilliance)
  8562 | D:9      | XOM: enchant monster (good)
  8575 | D:9      | Reached skill level 1 in Evocations
  8672 | D:9      | XOM: confusion (+ monsters)
  8688 | D:9      | XOM: potion effect (invisibility)
  8690 | D:9      | XOM: noise
  8811 | D:9      | Slain by a rust devil

Illustrated notes

Levels and vault maps discovered:
D:1:      dpeg_arrival_arbitrary_b, layout_rooms, serial_shops,
          nicolae_square_shop
D:2:      layout_loops_ring, basic_altar, serial_rivers,
          chequers_serial_rivers_marsh, chequers_serial_rivers_large_a,
          chequers_serial_rivers_micro_d, chequers_serial_rivers_micro_b,
          chequers_serial_rivers_room_a, dk_noncrumbling_4,
          hangedman_feature_mirror, minmay_unequal
D:3:      layout_basic, serial_glass, glass_columns_a, glass_columns_b,
          uniq_ijyb, uniq_sigmund
D:4:      layout_rooms, uniq_grinder
D:5:      layout_basic, mainiacjoe_overflow_alcove_1, minmay_misc_feat_columns
D:6:      layout_basic, old_standard_altar, ebering_ghost_sewer_d,
          grunt_ministairs_4, minmay_chambers_of_fives, uniq_pikel, uniq_maggie
D:7:      layout_loops_corners, minmay_temple_entry_stoned_glass,
          serial_library_hellmonk_recessed_alcove, nicolae_tricolors,
          uniq_jeremiah
D:8:      layout_gridville, old_standard_altar, enter_bailey_3
D:9:      layout_roguey, dreamdust_princess_corridor,
          nicolae_where_there's_smoke

Skill      XL: |  1  2  3  4  5  6  7  8  9 10 11 |
---------------+----------------------------------+-----
Axes           | 3 4 5 6 7 8 |  8.0
Armour         | 2 3 4 5 7 |  7.3
Dodging        | 1 2 3 4 5 6 7 |  7.0
Shields        | 1 2 3 4 5 6 |  6.8
Fighting       | 4 5 6 7 8 |  8.7
Throwing       | 2 3 5 |  5.6
Evocations     | 2 |  2.0

Action                     |  1- 3 |  4- 6 |  7- 9 | 10-12 || total
---------------------------+-------+-------+-------+-------++-------
  Melee: Hand axe          |    85 |   157 |    21 |       ||   263
         Spear             |       |       |   294 |       ||   294
         Headbutt          |       |       |    55 |    49 ||   104
         Trident           |       |       |    27 |   271 ||   298
         Bite              |       |       |     7 |    34 ||    41
         Kick              |       |       |     6 |       ||     6
  Evoke: Wand              |       |     4 |       |    11 ||    15
         Lightning rod     |       |       |       |     1 ||     1
    Use: Scroll            |     2 |     6 |     5 |     7 ||    20
         Potion            |     1 |     2 |     5 |     3 ||    11
   Stab: Confused          |       |     2 |       |       ||     2
         Paralysed         |       |     1 |     2 |       ||     3
         Fleeing           |       |       |     1 |       ||     1
         Invisible         |       |       |     1 |     1 ||     2
         Petrified         |       |       |       |     8 ||     8
 Armour: Leather armour    |    46 |    64 |    13 |       ||   123
         Plate armour      |       |       |   140 |    71 ||   211
         Chain mail        |       |       |       |    73 ||    73
  Dodge: Dodged            |    35 |    37 |    38 |    31 ||   141
  Block: Kite shield       |    22 |   142 |   248 |   270 ||   682
         Other             |     5 |       |       |       ||     5
